 Dungeon Crawl Stone Soup version 0.20.0-15-g7f486f2 (webtiles) character file.

28 Phantomfrettchen the Skirmisher (level 2, -5/24 HPs)
             Began as a Demonspawn Chaos Knight on June 26, 2017.
             Engulfed by a cloud of flame (29 damage)
             ... on level 2 of the Dungeon.
             The game lasted 00:04:07 (1080 turns).

Phantomfrettchen the Skirmisher (DsCK)              Turns: 1080, Time: 00:04:07

Health: -5/24      AC:  5    Str: 12    XL:     2   Next: 96%
Magic:  0/2        EV:  8    Int: 13    God:    Xom [......]
Gold:   44         SH:  0    Dex: 12    Spells: 1/1 levels left

rFire    x . .     SeeInvis .   d - +2 short sword (speed)
rCold    + . .     Gourm    .   (no shield)
rNeg     . . .     Faith    .   a - +2 leather armour
rPois    .         Spirit   +   (no helmet)
rElec    .         Reflect  .   (no cloak)
rCorr    .         Harm     .   (no gloves)
MR       .....                  (no boots)
Stlth    +.........             (no amulet)
Regen    0.1/turn               g - ring of ice
MPRegen  0.1/turn               o - -3 ring of evasion (curse)

@: very slightly contaminated
A: magic shield
a: Renounce Religion


You were on level 2 of the Dungeon.
You worshipped Xom.
You were a very special plaything of Xom.
You were hungry.

You visited 1 branch of the dungeon, and saw 2 of its levels.

You collected 44 gold pieces.

Inventory:

Hand Weapons
 d - a +2 short sword of speed (weapon)
Missiles
 c - 2 needles of sleeping
 n - 8 poisoned needles
Armour
 a - a +2 leather armour (worn)
Jewellery
 g - a ring of ice (left hand)
 o - a cursed -3 ring of evasion (right hand)
Scrolls
 e - a scroll of remove curse {unknown}
 h - a scroll of magic mapping {unknown}
 l - 2 scrolls of blinking
 p - a scroll of identify {unknown}
Potions
 i - a potion of agility {unknown}
 j - 2 potions of curing {unknown}
 k - a potion of ambrosia {unknown}
 m - a potion of mutation {unknown}
Comestibles
 b - 2 bread rations
 f - 4 chunks of flesh


   Skills:
 - Level 3.3 Fighting
 * Level 1.7 Short Blades
 - Level 1.8 Armour
 - Level 0.8 Dodging
 - Level 2.8 Unarmed Combat


You had one spell level left.
You didn't know any spells.

Dungeon Overview and Level Annotations

Branches:
Dungeon (2/15)

Altars:
Trog


Innate Abilities, Weirdness & Mutations

When hurt, damage is shared between your health and your magic reserves.


Message History

Found a scroll labeled LOTAER DUIPOS.
Found a sparkling book.
Found 12 stones.
You now have 44 gold pieces (gained 8).
An adder comes into view.
Found a bloodstained altar of Trog.
The spellbook bursts into flames!
Trog roars with delight!
The adder is engulfed in blazing flames.
The adder dies!
p - a scroll labeled LOTAER DUIPOS Really walk into that cloud of flame? [Y]es or [N]o only, please.
Really walk into that cloud of flame? [Y]es or [N]o only, please.
Really walk into that cloud of flame?
Okay, then.
Really walk into that cloud of flame?
You are engulfed in blazing flames.
Ouch! That really hurt!
You die...

........ ......
#....# #....#
#....# #######
#....#
#.....####....#.#
#._.@...........#
#...(.###...#...#
#######....###..#
#.......## #.#
#......## #.#
.###.......## ...
...........<# ###
..##...#.....#
#.#...####.#


There were no monsters in sight!

Vanquished Creatures
  A dart slug (D:1)
  2 leopard geckos (D:1)
  2 giant cockroaches (D:1)
  3 goblins (D:1)
  3 hobgoblins (D:1)
  2 jackals (D:1)
  A ball python (D:1)
  A bat (D:1)
  A frilled lizard (D:1)
  2 kobolds (D:1)
  5 rats (D:1)
23 creatures vanquished.

Vanquished Creatures (others)
  An adder (D:2)
1 creature vanquished.

Grand Total: 24 creatures vanquished

Notes
Turn   | Place    | Note
-------+----------+-------------------------------------------
     0 | D:1      | Phantomfrettchen the Demonspawn Chaos Knight began the quest for the Orb.
     0 | D:1      | Reached XP level 1. HP: 18/18 MP: 1/1
   151 | D:1      | Gained mutation: When hurt, damage is shared between your health and your magic reserves. [demonic ancestry]
   151 | D:1      | Reached XP level 2. HP: 5/24 MP: 2/2
   228 | D:1      | XOM: divination: detect creatures
   355 | D:1      | XOM: swap monsters
   532 | D:1      | Reached skill level 1 in Short Blades
   655 | D:1      | XOM: 3-stop teleportation journey
  1074 | D:2      | Found a bloodstained altar of Trog.
  1080 | D:2      | Engulfed by a cloud of flame

Skill      XL: |  1  2 |
---------------+-------+-----
Short Blades   | 1 |  1.7
Fighting       | |  3.3
Armour         | |  1.8
Dodging        | |  0.8
Unarmed Combat | |  2.8

Action                   || total
-------------------------++-------
Melee: Unarmed           ||    26
       Short sword       ||    58
  Use: Scroll            ||     1
 Stab: Confused          ||     1
Armor: Leather armour    ||    22
Dodge: Dodged            ||    38
